 Dungeon Crawl Stone Soup version 0.24.0-13-gcf9b3192b9 (webtiles) character file.

Game seed: 17333148278540173978, levelgen mode: deterministic

300 Midas the Cudgeler (level 6, -1/48 HPs)
             Began as a Formicid Warper on Nov 10, 2019.
             Slain by an ogre
             ... wielding a +0 giant club
              (26 damage)
             ... on level 4 of the Dungeon.
             The game lasted 00:09:17 (5952 turns).

Midas the Cudgeler (Formicid Warper)                Turns: 5952, Time: 00:09:18

Health: -1/48      AC:  4    Str: 18    XL:     6   Next: 64%
Magic:  9/9        EV: 11    Int: 12    God:
Gold:   224        SH:  0    Dex: 10    Spells: 9/9 levels left

rFire    . . .     SeeInvis +   w - +4 mace (holy)
rCold    . . .     Gourm    .   (no shield)
rNeg     . . .     Faith    .   b - +0 leather armour
rPois    .         Spirit   .   (helmet unavailable)
rElec    .         Reflect  .   k - +0 cloak
rCorr    .         Harm     .   (no gloves)
MR       .....                  (no boots)
Stlth    +.........             (no amulet)
HPRegen  0.16/turn              (no ring)
MPRegen  0.11/turn              (no ring)

@: no status effects
A: permanent stasis, dig shafts and tunnels, four strong arms, antennae 3
a: Dig, Shaft Self


You were on level 4 of the Dungeon.
You were not hungry.

You visited 1 branch of the dungeon, and saw 4 of its levels.

You collected 224 gold pieces.

Inventory:

Hand Weapons
 a - a +0 mace
 u - a +0 hunting sling
 w - a +4 mace of holy wrath (weapon)
Missiles
 e - 4 boomerangs of dispersal (quivered)
 p - 94 stones
Armour
 b - a +0 leather armour (worn)
 k - a +0 cloak (worn)
Jewellery
 h - a cursed ring of poison resistance {unknown}
 j - an uncursed amulet of regeneration {unknown}
 n - an uncursed ring of magical power {unknown}
Scrolls
 c - a scroll of remove curse {unknown}
 d - a scroll of blinking
 g - a scroll of teleportation
 i - a scroll of random uselessness {unknown}
 l - a scroll of immolation {unknown}
 o - a scroll of enchant armour {unknown}
 s - a scroll of enchant weapon {unknown}
 x - a scroll of identify
 y - a scroll of noise {unknown}
Potions
 m - a potion of heal wounds {unknown}
 q - 2 potions of flight
 r - a potion of invisibility {unknown}
 t - a potion of lignification
 v - 2 potions of curing {unknown}
Comestibles
 f - 7 rations
 z - 3 chunks of flesh


   Skills:
 + Level 4.0 Fighting
 * Level 4.7 Maces & Flails
 - Level 1.0 Throwing
 + Level 3.3 Armour
 - Level 1.7 Dodging
 - Level 2.3 Spellcasting
   Level 2.6 Translocations


You had 9 spell levels left.
You didn't know any spells.
Your spell library contained the following spells:

 Spells                   Type           Power        Failure   Level  Hunger
 Shroud of Golubria       Chrm/Tloc      #.....       26%         2    ###....
 Gell's Gravitas          Tloc           #.........   30%         3    ####...
 Lesser Beckoning         Tloc           #.........   30%         3    ####...
 Teleport Other           Tloc           #.......     30%         3    ####...
 Passage of Golubria      Tloc           N/A          71%         4    #####..
 Blink                    Tloc           Unusable     N/A         2    N/A

Dungeon Overview and Level Annotations

Branches:
Dungeon (4/15)
 Temple: D:4-7

Altars:
Cheibriados
Okawaru
Ru
Yredelemnul

Annotations:
D:1 exclusion: downstairs


Innate Abilities, Weirdness & Mutations

You cannot be hasted, slowed, berserked, paralysed or teleported.
You can dig through walls and to a lower floor.
Your four strong arms can wield two-handed weapons with a shield.
You have a pair of large antennae on your head. (SInv)


Message History

You hit the bullfrog skeleton.
The bullfrog skeleton convulses.
You destroy the bullfrog skeleton!
Your Fighting skill increases to level 4!
You hit the ogre.
The ogre is lightly wounded.
The ogre barely misses you.
The crimson imp blinks!
You closely miss the ogre.
The ogre is lightly wounded.
The ogre hits you with a +0 giant club.
You barely miss the ogre.
The ogre is lightly wounded.
The ogre hits you with a +0 giant club!
You sock the ogre!
The ogre is heavily wounded.
The ogre barely misses you.
You sock the ogre!
The ogre is severely wounded.
The ogre hits you with a +0 giant club!!
Ouch! That really hurt!
You die...

######........#
##.#. #........#
#.#. #........#
#.. #........##
##.. #......#...
.. . #..........
#. ...
#.......... .
.....####........
......O@.........
.....#####.......
... .....## . {
.....# ....##
###..# ..#


You could see an ogre.

Vanquished Creatures
  A scorpion (D:4)
  A hound (D:2)
  A bullfrog skeleton (D:4)
  2 worker ants (D:4)
  Robin (D:2)
  6 adders
  An ooze (D:2)
  2 worms (D:2)
  2 dart slugs
  A leopard gecko (D:1)
  9 bats
  A giant cockroach (D:1)
  13 goblins
  3 hobgoblins
  5 jackals (D:1)
  8 kobolds
  A quokka (D:3)
  4 frilled lizards (D:1)
  2 leopard gecko skeletons (D:4)
  8 rats
  A spectral orc (D:4)
73 creatures vanquished.

Notes
Turn   | Place    | Note
-------+----------+-------------------------------------------
     0 | D:1      | Midas the Formicid Warper began the quest for the Orb.
     0 | D:1      | Reached XP level 1. HP: 16/16 MP: 3/3
   176 | D:1      | Reached XP level 2. HP: 18/23 MP: 5/5
   536 | D:1      | Reached XP level 3. HP: 22/28 MP: 6/6
  1516 | D:2      | Noticed an ogre
  1809 | D:2      | Found a snail-covered altar of Cheibriados.
  1989 | D:2      | Reached XP level 4. HP: 5/35 MP: 7/7
  2600 | D:2      | Noticed Robin
  2633 | D:2      | You fall into a shaft and drop 2 floors!
  2936 | D:4      | Reached XP level 5. HP: 23/41 MP: 8/8
  3836 | D:2      | Found a sacrificial altar of Ru.
  4010 | D:2      | Killed Robin
  4297 | D:2      | Found an iron altar of Okawaru.
  4365 | D:2      | HP: 1/41 [ogre/+0 giant club (22)]
  5304 | D:4      | Reached XP level 6. HP: 20/48 MP: 9/9
  5558 | D:4      | Noticed an ogre
  5907 | D:4      | Found a basalt altar of Yredelemnul.
  5942 | D:4      | Noticed an ogre
  5952 | D:4      | Slain by an ogre

Levels and vault maps discovered:
D:1:      wander_arrival_desolate, layout_basic, minmay_misc_feat_enclosed
D:2:      minmay_angry_zag, layout_loops_ring, lemuel_coloured_pillars_altar,
          lemuel_doored_altar, first_ration, corner_web_ring,
          hangedman_ru_absence, uniq_robin
D:3:      layout_loops_corners
D:4:      layout_basic, yredelemnul_forgotten_temple_becter,
          grunt_decor_resistance

Skill      XL: |  1  2  3  4  5  6 |
---------------+-------------------+-----
Maces & Flails | 3 4 |  4.7
Fighting       | 3 4 |  4.0
Armour         | 2 3 |  3.3
Throwing       | |  1.0
Dodging        | |  1.7
Spellcasting   | |  2.3
Translocations | |  2.6

Action                   |  1- 3 |  4- 6 || total
-------------------------+-------+-------++-------
Melee: Mace              |   116 |   178 ||   294
Throw: Boomerang         |     1 |       ||     1
 Abil: Dig               |       |     2 ||     2
       Shaft Self        |       |     1 ||     1
  Use: Potion            |     1 |       ||     1
       Scroll            |       |     3 ||     3
  Eat: Chunk             |     3 |     7 ||    10
       Ration            |       |     2 ||     2
Armor: Leather armour    |    39 |    47 ||    86
       Skin              |     8 |     2 ||    10
Dodge: Dodged            |    85 |   122 ||   207
